 Dungeon Crawl Stone Soup version 0.29-a0-717-g6dac4ea423 (webtiles) character file.

Game seed: 15608386966737203917

9 polve the Trooper (level 2, 0/24 HPs)
             Began as a Demonspawn Abyssal Knight on June 26, 2022.
             Was a Believer of Lugonu.
             Slain by a jackal (1 damage)
             ... on level 1 of the Dungeon.
             The game lasted 00:00:28 (520 turns).

polve the Trooper (Demonspawn Abyssal Knight)        Turns: 520, Time: 00:00:28

Health: 0/24       AC:  5    Str: 13    XL:     2   Next: 6%
Magic:  3/3        EV: 11    Int: 11    God:    Lugonu [**....]
Gold:   41         SH:  0    Dex: 13    Spells: 1/1 levels left

rFire   . . .      SeeInvis .   a - +1 short sword
rCold   . . .      Faith    .   (no shield)
rNeg    . . .      Spirit   .   b - +0 leather armour
rPois   .          Reflect  .   (no helmet)
rElec   .          Harm     .   (no cloak)
rCorr   .          Rampage  .   (no gloves)
Will    .....                   (no boots)
Stlth   +.........              (no amulet)
HPRegen 0.08/turn               (no ring)
MPRegen 0.08/turn               (no ring)

@: no status effects
A: icy blue scales 1
a: Renounce Religion, Depart the Abyss, Bend Space


You were on level 1 of the Dungeon.
You worshipped Lugonu.
Lugonu was pleased with you.
You visited 1 branch of the dungeon, and saw 1 of its levels.
You visited the Abyss 1 time.

You collected 41 gold pieces.

Inventory:

Hand Weapons
 a - a +1 short sword (weapon)
Armour
 b - a +0 leather armour (worn)
Potions
 c - a potion of lignification {unknown}
 d - a potion of ambrosia {unknown}


   Skills:
 - Level 3.0 Fighting
 + Level 2.5 Short Blades
 - Level 1.7 Armour
 - Level 0.8 Dodging
 - Level 2.4 Invocations


You had one spell level left.
You didn't know any spells.
Your spell library was empty.

Dungeon Overview and Level Annotations

Branches:
Dungeon (1/15)

Altars:

Annotations:
D:1 1 transporter


Innate Abilities, Weirdness & Mutations

You are partially covered in icy blue scales. (AC +2)


Message History

The jackal barely misses you.
The jackal bites you but does no damage.
The jackal bites you. The kobold barely misses you.
The jackal closely misses you. The jackal barely misses you.
The jackal bites you but does no damage.
The kobold misses you.
The jackal bites you but does no damage.
The jackal barely misses you.
The jackal bites you but does no damage. x4
The kobold barely misses you. The jackal barely misses you.
The jackal misses you. The jackal barely misses you.
The kobold hits you but does no damage.
The jackal bites you but does no damage. x3
The jackal closely misses you. x2; The jackal barely misses you.
The kobold hits you with a +0 club. The jackal closely misses you.
The jackal bites you but does no damage.
The jackal closely misses you. The kobold hits you but does no damage.
The jackal bites you but does no damage. x3
The kobold closely misses you. The jackal barely misses you.
The jackal bites you. The jackal closely misses you.
The jackal bites you but does no damage.
The jackal barely misses you. x2; The kobold closely misses you.
The jackal bites you. The jackal misses you.
The jackal bites you but does no damage.
The kobold hits you with a +0 club.
* * * LOW HITPOINT WARNING * * *
The jackal barely misses you. The jackal closely misses you.
The jackal bites you but does no damage.
The jackal barely misses you. x2; The jackal misses you.
The kobold barely misses you. The jackal closely misses you.
The jackal bites you.
* * * LOW HITPOINT WARNING * * *
The jackal bites you.
* * * LOW HITPOINT WARNING * * *
The kobold closely misses you.
The jackal bites you but does no damage.
The jackal bites you.
You die...

#. # # #.# #. .. #.#
.####. #. #.# ..[...###
#. #.#
........#####.###.######
#..hhK...........##..
#.#@#####..........≈
#.h......#....#.##≈≈
##......###.###.#≈≈≈
#..####.#.## #..≈≈≈ #..#
##.## ##..≈≈≈ #..#####.#
#....≈≈ #..#.....#
#...≈.≈
#..#.###.####...≈≈. ..
#..#............≈≈≈


You could see 3 jackals and a kobold.

Vanquished Creatures
  A dart slug (D:1)
  A ball python (D:1)
  An endoplasm (D:1)
  2 kobolds (D:1)
  2 frilled lizards (D:1)
7 creatures vanquished.

Notes
Turn   | Place    | Note
-------+----------+-------------------------------------------
     0 | Abyss:1  | polve the Demonspawn Abyssal Knight began the quest for the
                  | Orb.
     0 | Abyss:1  | Reached XP level 1. HP: 18/18 MP: 2/2
     0 | D:1      | Escaped the Abyss
     0 | D:1      | Found a transporter.
     0 | D:1      | Found a transporter.
   184 | D:1      | Reached ** piety under Lugonu
   424 | D:1      | Gained mutation: You are partially covered in icy blue
                  | scales. (AC +2) [demonic ancestry]
   424 | D:1      | Reached XP level 2. HP: 24/24 MP: 3/3
   519 | D:1      | HP: 1/24 [jackal (3)]
   520 | D:1      | Slain by a jackal

Illustrated notes

Levels and vault maps discovered:
D:1:      spicycebolla_arrival_transporter_tutorial, layout_loops_ring

Skill      XL: |  1 |
---------------+----+-----
Short Blades   | 2 |  2.5
Fighting       | |  3.0
Armour         | |  1.7
Dodging        | |  0.8
Invocations    | |  2.4

Action                   || total
-------------------------++-------
Melee: Short sword       ||    25
Invok: Depart the Abyss  ||     1
Armor: Leather armour    ||    35
Dodge: Dodged            ||    77

Table legend: (Time is in decaauts)
 A = Elapsed time spent in this place.
 B = Non-inter-level travel time spent in this place.
 C = Inter-level travel time spent in this place.
 D = Time resting spent in this place.
 E = Time spent auto-exploring this place.
 F = Levels seen in this place.
 G = Mean time per level.
                   A        B        C        D        E       F      G
               +--------+--------+--------+--------+--------+-----+--------+
         Total |    519 |    519 |      0 |      0 |    421 |   2 |  259.5 |
       Dungeon |    519 |    519 |      0 |      0 |    421 |   1 |  519.0 |
         Abyss |      0 |      0 |      0 |      0 |      0 |   1 |    0.0 |
               +--------+--------+--------+--------+--------+-----+--------+

Top non-repeatable levels by time:
     D:1: 519 daAuts
